 Dungeon Crawl Stone Soup version 0.31-a0-705-ga145531891 (webtiles) character file.

Game seed: 14926900298068609210

98 Xavori the Trooper (level 4, 0/33 HPs)
             Began as an Octopode Chaos Knight on Sept 10, 2023.
             Was a Plaything of Xom.
             Slain by a gnoll
             ... wielding a +2 heavy spear
              (4 damage)
             ... on level 3 of the Dungeon.
             The game lasted 00:02:01 (10508 turns).

Xavori the Trooper (Octopode Chaos Knight)         Turns: 10508, Time: 00:02:02

Health: 0/33       AC:  1    Str: 11      XL:     4   Next: 71%
Magic:  4/4        EV: 14    Int: 13 (14) God:    Xom [......]
Gold:   253        SH:  5    Dex: 19      Spells: 3/3 levels left

rFire   + . .        h - +3 dagger
rCold   . . .        (no shield)
rNeg    . . .        (helmet restricted)
rPois   .            d - amulet of reflection
rElec   .            e - +6 ring of dexterity
rCorr   .            (no ring)
SInv    .            (no ring)
Will    .....        (no ring)
Stlth   +++          (no ring)
HPRegen 0.25/turn    (no ring)
MPRegen 0.09/turn    (no ring)
                     (no ring)

%: random rage (3%), reflection
@: on berserk cooldown, slowed, very slow
A: almost no armour, amphibious, 8 rings, camouflage 1, gelatinous body 1,
(nimble swimmer 1), tentacles, tentacle spike 1, berserk 1, deterioration 1,
fire resistance 1
a: Renounce Religion


You were on level 3 of the Dungeon.
You worshipped Xom.
You were a very special plaything of Xom.
You visited 1 branch of the dungeon, and saw 3 of its levels.

You collected 253 gold pieces.

Inventory:

Hand Weapons
 a - a +0 short sword of chaos
 h - a +3 dagger (weapon)
Jewellery
 d - an amulet of reflection (around mantle)
 e - a +6 ring of dexterity (left tentacle)
Talismans
 g - a dragon-blood talisman
Scrolls
 b - a scroll of butterflies
 c - 2 scrolls of amnesia {unknown}
 f - 2 scrolls of identify {unknown}
 k - a scroll of immolation {unknown}
 l - a scroll of teleportation {unknown}
 m - a scroll of blinking {unknown}
 n - a scroll of fog {unknown}
Potions
 i - a potion of brilliance {unknown}
 j - a potion of enlightenment {unknown}
 o - a potion of cancellation {unknown}


   Skills:
 + Level 3.8 Fighting
 + Level 3.8 Short Blades
 + Level 2.7 Dodging
 + Level 2.4 Stealth
 * Level 0.7 Shapeshifting


You had 3 spell levels left.
You didn't know any spells.
Your spell library contained the following spells:

 Spells                   Type           Power      Damage    Failure   Level
 Summon Guardian Golem    Hex/Summ       0%         N/A       67%         3
 Orb of Destruction       Conj           0%         9d5       100%        7
 Spellforged Servitor     Conj/Summ      0%         N/A       100%        7


Dungeon Overview and Level Annotations

Branches:
Dungeon (3/15)

Altars:

Shops:
D:2 :


Innate Abilities, Weirdness & Mutations

You cannot wear most types of armour.
You are amphibious.
You can wear up to eight rings at the same time.
Your skin changes colour to match your surroundings (Stealth+).
Your rubbery body absorbs attacks. (AC +1, EV +1)
((You are camouflaged when in or above water. (Stealth+)))
You have tentacles for arms and can constrict up to eight enemies at once.
One of your tentacles bears a spike.
You sometimes lose your temper in combat.
Your body sometimes deteriorates upon taking damage.
Your flesh is heat resistant. (rF+)


Message History

You feel very sick.
The kobold throws a poisoned dart.
The poisoned dart closely misses you. 2 gnolls come into view.
A gnoll is wielding a +2 heavy spear.
You feel sick. The kobold misses you.
The gnoll moves out of view. x2
Things that are here:
a +0 club; a +0 whip of flaming; a gnoll corpse You hit the kobold.
You grab the kobold.
You pierce the kobold.
You kill the kobold!
You feel sick. You block the kobold's attack.
The kobold hits you with a +0 dagger.
There are monsters nearby!
You miss the kobold. Your grab misses the kobold. You squeeze the kobold.
You kill the kobold!
You feel sick.
There are monsters nearby!
You feel sick.
You are no longer poisoned.
The gnoll hits you with a +2 heavy spear!
* * * LOW HITPOINT WARNING * * *
Things that are here:
a +0 dagger; 4 poisoned darts
There are monsters nearby!
You are too injured to fight recklessly!
There are monsters nearby!
You are too injured to fight recklessly!
You are too injured to fight recklessly!
You hit the gnoll. Your grab misses the gnoll.
Your tentacle spike misses the gnoll.
The gnoll is heavily wounded.
You hit the gnoll. You grab the gnoll.
You pierce the gnoll, but do no damage.
The gnoll is moderately wounded.
You constrict the gnoll, but do no damage.
The gnoll closely misses you. x2
You hit the gnoll. Your grab misses the gnoll. Your squeeze misses the gnoll.
The gnoll is severely wounded.
You constrict the gnoll. The gnoll hits you with a +0 club.
* * * LOW HITPOINT WARNING * * *
Your body deteriorates!
You feel dopey.
The gnoll hits you with a +2 heavy spear.
You die...

#..#. #..#. #....
####. ########.
#........ ########
#.#####..
#....).#######.#####.#
#g@)...........##.#
#g#.#######.##.##.#
...#.# #........
..##.#.# #.......# ...
....# #.#..##.# ..
..### #.#.....# . .#.
#.#.##..# ...
#.#.....# .. ....


You could see 2 gnolls.

Vanquished Creatures
  2 gnolls (D:3)
  2 adders
  4 worms (D:2)
  2 dart slugs (D:1)
  8 endoplasms
  A giant cockroach (D:2)
  8 goblins
  3 hobgoblins (D:1)
  3 ball pythons
  2 bats
  6 kobolds
  7 rats
48 creatures vanquished.

Notes
Turn   | Place    | Note
-------+----------+-------------------------------------------
     0 | D:1      | Xavori the Octopode Chaos Knight began the quest for the
                  | Orb.
     0 | D:1      | Reached XP level 1. HP: 16/16 MP: 1/1
    70 | D:1      | Reached XP level 2. HP: 14/21 MP: 2/2
   702 | D:1      | Reached XP level 3. HP: 26/26 MP: 3/3
   968 | D:1      | XOM: silly message
   998 | D:2      | XOM: noise
  1005 | D:2      | Found Xioreu's Book Emporium.
  1010 | D:2      | XOM: cast spell 'Summon Small Mammal'
  1018 | D:2      | HP: 1/26 [bat (1)]
  1458 | D:1      | XOM is BORED!
  1512 | D:1      | XOM: god gift: 63 gold pieces
  1730 | D:1      | XOM: god gift: 37 gold pieces
  2319 | D:1      | XOM: 1-stop teleportation journey
  3207 | D:1      | XOM: cloud trail
  3910 | D:1      | XOM: cloud trail
  5005 | D:1      | XOM: noise
  5061 | D:1      | XOM: god gift: war axe {god gift}
  5579 | D:1      | XOM is BORED!
  5788 | D:1      | XOM: noise
  5877 | D:1      | XOM: silly message
  6568 | D:1      | XOM is BORED!
  8212 | D:1      | XOM: god gift: scale mail {god gift}
  9289 | D:1      | XOM: silly message
  9644 | D:1      | XOM: give mutations
  9644 | D:1      | Gained mutation: Your flesh is heat resistant. (rF+) [Xom's
                  | mischief]
  9644 | D:1      | Gained mutation: Your body sometimes deteriorates upon
                  | taking damage. [Xom's mischief]
  9644 | D:1      | Gained mutation: One of your tentacles bears a spike.
                  | [Xom's mischief]
  9644 | D:1      | Gained mutation: You sometimes lose your temper in combat.
                  | [Xom's mischief]
  9667 | D:2      | Reached skill level 1 in Stealth
  9865 | D:2      | XOM: summons 2 hostile demons
 10082 | D:2      | Reached XP level 4. HP: 33/33 MP: 4/4
 10226 | D:2      | XOM is BORED!
 10226 | D:2      | XOM: summons 3 hostile demons
 10508 | D:3      | Slain by a gnoll

Illustrated notes

Levels and vault maps discovered:
D:1:      saegor_arrival_miasma, layout_basic
D:2:      layout_basic, serial_shops, shop, kennysheep_flooded_box,
          nicolae_wormholes
D:3:      layout_loops_cross

Skill      XL: |  1  2  3  4 |
---------------+-------------+-----
Stealth        | 1 2 |  2.4
Fighting       | |  3.8
Short Blades   | |  3.8
Dodging        | |  2.7
Shapeshifting  | |  0.7

Action                     |  1- 3 |  4- 6 || total
---------------------------+-------+-------++-------
  Melee: Short sword       |    47 |       ||    47
         Constrict         |    16 |     7 ||    23
         Tentacles         |    12 |     6 ||    18
         Punch             |     3 |       ||     3
         Dagger            |    18 |    35 ||    53
         Kick              |     4 |     9 ||    13
   Stab: Sleeping          |     5 |     5 ||    10
         Distracted        |       |     1 ||     1
 Armour: Skin              |    22 |    10 ||    32
  Dodge: Dodged            |    25 |    14 ||    39
  Block: Other             |     1 |     5 ||     6

Table legend: (Time is in decaauts)
 A = Elapsed time spent in this place.
 B = Non-inter-level travel time spent in this place.
 C = Inter-level travel time spent in this place.
 D = Time resting spent in this place.
 E = Time spent auto-exploring this place.
 F = Levels seen in this place.
 G = Mean time per level.
                   A        B        C        D        E       F      G
               +--------+--------+--------+--------+--------+-----+--------+
         Total |  10497 |  10409 |     88 |   8731 |   1359 |   3 | 3499.0 |
       Dungeon |  10497 |  10409 |     88 |   8731 |   1359 |   3 | 3499.0 |
               +--------+--------+--------+--------+--------+-----+--------+

Top non-repeatable levels by time:
     D:1: 9611 daAuts
     D:2: 628 daAuts
     D:3: 257 daAuts
